 Dungeon Crawl Stone Soup version 0.28.0-53-g5a82cb258f (webtiles) character file.

Game seed: 12791133492975918779

205309 Peloso the Fencer (level 18, -5/176 HPs)
             Began as a Minotaur Fighter on July 14, 2022.
             Was the Champion of Okawaru.
             Slain by a ghost moth (11 damage)
             ... on level 4 of the Spider Nest.
             The game lasted 01:50:10 (51829 turns).

Peloso the Fencer (Minotaur Fighter)               Turns: 51829, Time: 01:50:10

Health: -5/176     AC: 40    Str: 26 (29) XL:     18   Next: 41%
Magic:  0/21       EV:  8    Int:  3 (5)  God:    Okawaru [******]
Gold:   2986       SH: 28    Dex: 21 (22) Spells: 17/17 levels left

rFire   + . .      SeeInvis .   a - +9 long sword of Beorghoju {drain, Dex+8}
rCold   + . .      Faith    .   c - +0 tower shield
rNeg    + . .      Spirit   .   g - +1 crystal plate armour {rC+}
rPois   .          Reflect  +   y - +1 hat
rElec   .          Harm     .   k - +4 cloak of Prudence {Will+ rCorr Slay+3}
rCorr   +          Rampage  .   e - +1 pair of gloves {infuse}
Will    ++...                   B - +1 pair of boots {Stlth+}
Stlth   ..........              C - amulet of reflection
HPRegen 0.39/turn               I - ring "Ulomy" {rN+ Str+4}
MPRegen 0.17/turn               f - ring of protection from fire

@: no status effects
A: horns 2, retaliatory headbutt
a: Renounce Religion, Heroism, Finesse, Duel


You were on level 4 of the Spider Nest.
You worshipped Okawaru.
Okawaru was exalted by your worship.
You visited 7 branches of the dungeon, and saw 33 of its levels.
You also visited: Bailey, Gauntlet and Ice Cave.

You collected 3902 gold pieces.
You spent 916 gold pieces at shops.

Inventory:

Hand Weapons
 a - the +9 long sword of Beorghoju (weapon) {drain, Dex+8}
   (You found it on level 1 of the Swamp)

   A truly terrible weapon, it drains the life of any living foe it strikes.
   Dex:       It affects your dexterity (+8).
 b - a +4 scimitar of flaming
 x - a +1 demon blade of freezing
 G - the +7 quick blade of the Vestibule of Hell {vorpal, rF++ rN+++ rCorr}
   (Okawaru gifted it to you on level 3 of the Spider Nest)

   It inflicts extra damage upon your enemies.
   rF:        It greatly protects you from fire.
   rN:        It renders you almost immune to negative energy.
   rCorr:     It protects you from acid and corrosion.
Armour
 c - a +0 tower shield (worn)
 e - a +1 pair of gloves of infusion (worn)
 g - a +1 crystal plate armour of cold resistance (worn)
 i - a +3 plate armour of poison resistance
 k - the +4 cloak of Prudence (worn) {Will+ rCorr Slay+3}
   (You bought it in a shop on level 2 of the Orcish Mines)

   Slay:      It affects your accuracy & damage with ranged weapons and melee
   (+3).
   rCorr:     It protects you from acid and corrosion.
   Will:      It increases your willpower.
 y - a +1 hat (worn)
 B - a +1 pair of boots of stealth (worn)
Jewellery
 d - an amulet of guardian spirit
 f - a ring of protection from fire (right hand)
 n - a ring of see invisible
 C - an amulet of reflection (around neck)
 I - the ring "Ulomy" (left hand) {rN+ Str+4}
   (You took it off a centaur warrior on level 10 of the Dungeon)

   [ring of positive energy]

   Str:       It affects your strength (+4).
   rN:        It protects you from negative energy.
Wands
 o - a wand of mindburst (8)
 F - a wand of digging (20)
Scrolls
 j - a scroll of holy word
 l - 9 scrolls of identify
 m - 6 scrolls of teleportation
 q - 3 scrolls of immolation
 r - a scroll of acquirement
 t - 2 scrolls of fear
 u - 2 scrolls of blinking
 v - 6 scrolls of noise
 D - 5 scrolls of magic mapping
 E - a scroll of enchant armour
Potions
 h - 4 potions of invisibility
 p - a potion of ambrosia
 s - 4 potions of flight
 w - a potion of magic
 z - a potion of brilliance
 A - a potion of mutation
 M - 3 potions of haste
 O - 4 potions of might
 T - a potion of curing


   Skills:
 + Level 19.5 Fighting
 + Level 20.6 Long Blades
 + Level 20.5 Armour
 + Level 4.4 Dodging
 + Level 3.5 Stealth
 + Level 19.0 Shields
 + Level 5.7 Invocations
 + Level 0.1 Evocations


You had 17 spell levels left.
You didn't know any spells.
Your spell library contained the following spells:

 Spells                   Type           Power      Damage    Failure   Level
 Freeze                   Ice            0%         1d3       100%        1
 Pain                     Necr           0%         1d4       100%        1
 Sandblast                Erth           0%         2d4       100%        1
 Shock                    Conj/Air       0%         1d3       100%        1
 Slow                     Hex            0%         N/A       100%        1
 Sting                    Tmut/Pois      0%         1d3       100%        1
 Passwall                 Tmut/Erth      0%         N/A       100%        2
 Scorch                   Fire           0%         2d5       100%        2
 Confusing Touch          Hex            0%         N/A       100%        3
 Conjure Flame            Conj/Fire      0%         6-21      100%        3
 Frozen Ramparts          Ice            0%         1d2       100%        3
 Ignite Poison            Fire/Tmut/Pois 0%         N/A       100%        3
 Stone Arrow              Conj/Erth      0%         3d7       100%        3
 Swiftness                Air            0%         N/A       100%        3
 Vampiric Draining        Necr           0%         2d6       100%        3
 Airstrike                Air            0%         N/A       100%        4
 Flame Wave               Conj/Fire      0%         2d4       100%        4
 Hailstorm                Conj/Ice       0%         3d3       100%        4
 Sticky Flame             Conj/Fire      0%         2d3       100%        4
 Blade Hands              Tmut           0%         N/A       100%        5
 Borgnjor's Vile Clutch   Necr/Erth      0%         N/A       100%        5
 Freezing Cloud           Conj/Ice/Air   0%         6-21      100%        5
 Irradiate                Conj/Tmut      0%         3d14      100%        5
 Dispersal                Tloc           0%         N/A       100%        6
 Starburst                Conj/Fire      0%         6d3       100%        6
 Statue Form              Tmut/Erth      0%         N/A       100%        6
 Dragon Form              Tmut           0%         N/A       100%        7
 Enfeeble                 Hex            0%         N/A       100%        7
 Storm Form               Tmut/Air       0%         N/A       100%        7
 Disjunction              Tloc           0%         N/A       100%        8
 Polar Vortex             Ice            0%         N/A       100%        9
 Animate Skeleton         Necr           Unusable   N/A       N/A         1
 Animate Dead             Necr           Unusable   N/A       N/A         4
 Death Channel            Necr           Unusable   N/A       N/A         6
 Simulacrum               Ice/Necr       Unusable   N/A       N/A         6
 Summon Cactus Giant      Summ           Unusable   N/A       N/A         6

Dungeon Overview and Level Annotations

Branches:
Dungeon (15/15)            Temple (1/1) D:5            Lair (6/6) D:10
  Swamp (2/4) Lair:4       Spider (4/4) Lair:3        Slime (0/5) Lair:5
    Orc (2/2) D:10            Elf (3/3) Orc:2        Vaults (0/5) D:13
 Depths (0/4) D:15         Bailey (visited)           IceCv (visited)
Gauntlet (visited)

Altars:
Ashenzari
Cheibriados
Dithmenos
Elyvilon
Fedhas
Gozag
Hepliaklqana
Kikubaaqudgha
Makhleb
Nemelex Xobeh
Okawaru
Qazlal
Ru
Sif Muna
Uskayaw
Wu Jian
Zin
The Shining One

Shops:
D:2 (   D:3 !   Orc:2 [(!(

Annotations:
Lair:3 Casa
Elf:2 3 runed translucent doors


Innate Abilities, Weirdness & Mutations

You have a pair of horns on your head.
You reflexively headbutt those who attack you in melee.


Message History

You feel clumsy. You block the tarantella's attack. The wolf spider hits you!
The wolf spider bites you.
You are poisoned.
The wolf spider poisons you!
You slash the wolf spider!
You kill the wolf spider!
Okawaru accepts your kill.
You feel very sick.
Something hits you but does no damage. x2
Something stings you but does no damage.
You block the tarantella's attack.
The orb spider weaves a glowing orb of energy.
An orb of destruction comes into view.
The barbs in your skin will harm you if you move.
Continue?
Okay, then.
The barbs in your skin will harm you if you move.
Continue?
Okay, then.
Unknown command.
Unknown command.
The barbs in your skin will harm you if you move.
Continue?
Okay, then.
You don't have enough magic at the moment.
You barely miss the tarantella.
You carefully extract the barbed spikes from your body.
You feel very sick. Something hits you!
* * * LOW HITPOINT WARNING * * *
You feel dopey. Something hits you but does no damage.
Something stings you but does no damage.
You block the tarantella's attack.
The orb spider weaves a glowing orb of energy.
An orb of destruction comes into view.
You feel better. The orb of destruction hits you!!
* * * LOW HITPOINT WARNING * * *
You block the tarantella's attack. Something hits you!
* * * LOW HITPOINT WARNING * * *
Something hits you!
You die...

#......^#.#...#.
##....#.#..^..
#..#..#...#.# .
##........#^#..
####..#......#
#...s.....^
#....#..##..
#.#ā€ .ā€ #....#
#^.ā—‹@s......
#sā—‹.{##.#^..
#^.*#..#..^
#..s..## #..
#...... ..
#........
#......#..
#..........
+.... ..#...


You could see 2 orb spiders, a jumping spider and a tarantella.

Vanquished Creatures
  Nikola (Spider:1)
  Frances (Spider:2)
  Roxanne (Spider:1)
  2 emperor scorpions (Spider:3)
  A deep elf sorcerer (Elf:1)
  2 ghost moths
  Louise (Swamp:1)
  2 broodmothers
  A deep elf demonologist (Orc:2)
  5 entropy weavers
  2 eleionomae
  Nessos (D:13)
  4 spark wasps (Spider:3)
  A minotaur (Gauntlet)
  Azrael (Orc:1)
  A bunyip (Swamp:2)
  The ghost of Revguard the Fighter, a journeyman DsGl of Okawaru (D:13)
  3 deep elf death magi
  Snorg (D:13)
  A fire dragon (Lair:2)
  A deep elf high priest (Orc:2)
  A rakshasa (D:13)
  4 vault guards (D:13)
  12 hydras
  7 boulder beetles
  The ghost of ghwc the Grappler, a journeyman TrSu of the Shining One (Lair:1)
  Harold (D:9)
  2 ghost crabs (Swamp:2)
  An ogre mage (D:10)
  3 jorogumos
  A radroach (Spider:3)
  Erica (D:8)
  4 catoblepae (Lair:6)
  6 centaur warriors
  9 two-headed ogres
  2 death scarabs
  17 dancing weapons
  15 death yaks
  5 orc high priests (Orc:2)
  2 tengu warriors
  Urug (Lair:2)
  8 deep elf knights
  2 skeletal warriors (D:15)
  8 pharaoh ants
  4 steelbarb worms
  A sun moth (Spider:2)
  A goliath frog (Swamp:1)
  A wizard (Elf:1)
  16 deep elf archers
  2 swamp dragons (Swamp:2)
  A tengu zombie (D:15)
  12 orb spiders
  A flayed ghost (D:15)
  27 deep elf pyromancers
  5 bog bodies
  8 orc knights
  6 wolf spiders
  A fire giant zombie (D:15)
  2 necromancers
  A frost giant zombie (D:15)
  13 ugly things
  16 deep elf zephyrmancers
  2 orc sorcerers (Orc:2)
  An oklob plant (Orc:2)
  5 manticores
  3 moths of wrath
  A will-o-the-wisp (Swamp:1)
  2 cyclopes
  11 elephants
  A frost giant skeleton (D:15)
  Maurice (D:8)
  3 ice statues
  6 black mambas
  A cane toad (shapeshifter) (D:14)
  A rime drake (shapeshifter) (D:10)
  10 cane toads
  3 gargoyles
  2 unseen horrors
  5 rime drakes
  An unseen horror (shapeshifter) (D:12)
  A demonic crawler (Spider:4)
  A yaktaur (shapeshifter) (Elf:1)
  5 ice devils (IceCv)
  13 komodo dragons
  4 yaktaurs (D:15)
  4 entropy weaver simulacra (IceCv)
  A freezing wraith (D:10)
  A tengu conjurer (D:15)
  2 anaconda simulacra (IceCv)
  2 efreet
  9 meliai
  7 hornets
  5 polar bears
  4 tyrant leeches
  9 trolls
  A spectral lindwurm (Gauntlet)
  24 tarantellas
  A tarantella (shapeshifter) (Spider:2)
  The ghost of Quickbrownfox the Chiller, an amateur DsIE (D:4)
  A blink frog (Lair:1)
  14 dream sheep
  28 jumping spiders
  An air elemental (Elf:1)
  2 centaur simulacra (D:14)
  2 water elementals
  5 wyverns
  38 yaks
  15 culicivoras
  3 spriggans (Swamp:2)
  2 dire elephant simulacra (IceCv)
  8 fire elementals
  47 redbacks
  4 wraiths
  9 vampire mosquitoes
  4 basilisks
  Grum (D:9)
  3 steam dragons
  10 swamp worms
  5 wargs
  2 harpy simulacra (IceCv)
  6 hell hounds
  An acid dragon (D:13)
  18 water moccasins
  49 orc warriors
  A meliai simulacrum (D:14)
  3 swamp drakes (Swamp:1)
  2 black bears
  3 ice beasts
  A sky beast (D:8)
  8 ogres
  A boggart (Elf:1)
  15 wolves
  13 centaurs
  4 kobold brigands
  5 gnoll sergeants
  15 bullfrogs
  An earth elemental (Elf:2)
  3 scorpions (D:6)
  A water moccasin zombie (D:4)
  A water moccasin skeleton (D:5)
  An elephant simulacrum (IceCv)
  10 killer bees
  A killer bee (shapeshifter) (Elf:2)
  6 electric eels
  3 howler monkeys
  3 centaur zombies
  3 bullfrog zombies
  3 hounds
  36 orc priests
  2 gnoll shamans
  A centaur skeleton (D:6)
  A jelly (D:7)
  17 orc wizards
  3 troll simulacra (IceCv)
  3 iguanas
  A wolf simulacrum (IceCv)
  A killer bee zombie (D:8)
  24 gnolls
  6 adders
  A naga simulacrum (IceCv)
  A white imp (D:7)
  3 ufetubi
  2 worms
  An adder skeleton (D:5)
  4 dart slugs
  75 orcs
  9 bats
  15 endoplasms
  2 giant cockroaches
  9 goblins
  7 hobgoblins
  17 jackals
  15 kobolds
  3 quokkas
  4 ball pythons
  3 frilled lizards
  7 rats
1077 creatures vanquished.

Vanquished Creatures (others)
  A hydra (Swamp:2)
  A deep elf knight (Elf:1)
  A bog body (Swamp:2)
  A spriggan druid (Swamp:2)
  An orb spider (Spider:1)
  A deep elf pyromancer (Elf:1)
  A will-o-the-wisp (Swamp:2)
  Psyche (D:8)
  A kobold demonologist (Elf:1)
  A bloated husk (Swamp:2)
  A hornet (Swamp:2)
  A redback (Spider:1)
  A swamp worm (Swamp:2)
  A demonic plant (Gauntlet)
  10 foxfires
  15 fungi
  30 plants
  3 withered plants (D:15)
72 creatures vanquished.

Grand Total: 1149 creatures vanquished

Notes
Turn   | Place    | Note
-------+----------+-------------------------------------------
     0 | D:1      | Peloso the Minotaur Fighter began the quest for the Orb.
     0 | D:1      | Reached XP level 1. HP: 19/19 MP: 0/0
    88 | D:1      | Reached XP level 2. HP: 27/27 MP: 1/1
   441 | D:1      | You fall into a shaft and drop 1 floor!
   453 | D:2      | Reached XP level 3. HP: 30/33 MP: 2/2
   572 | D:2      | Found Intoripn's Antique Weapon Shop.
   727 | D:2      | Reached XP level 4. HP: 40/40 MP: 3/3
  1183 | D:1      | Found a faded altar of an unknown god.
  1709 | D:3      | Reached XP level 5. HP: 44/47 MP: 4/4
  1728 | D:3      | Found Jolaur's Distillery.
  1731 | D:3      | Bought a potion of curing for 42 gold pieces
  1731 | D:3      | Bought a potion of degeneration for 14 gold pieces
  2210 | D:3      | Reached skill level 1 in Dodging
  2458 | D:4      | Found a transporter.
  2459 | D:4      | Noticed Quickbrownfox's ghost (amateur DsIE)
  2460 | D:4      | Identified the +10 dire flail of Has Jigian {flame, Dex+6}
  2460 | D:4      | Noticed an ogre
  2461 | D:4      | Noticed an ogre
  2467 | D:4      | Found a transporter.
  2589 | D:4      | Reached skill level 5 in Long Blades
  2589 | D:4      | Reached XP level 6. HP: 52/53 MP: 5/5
  2981 | D:4      | Reached skill level 5 in Armour
  3256 | D:5      | Entered Level 5 of the Dungeon
  3427 | D:5      | Reached skill level 5 in Fighting
  3450 | D:5      | Found a staircase to the Ecumenical Temple.
  3462 | Temple   | Entered the Ecumenical Temple
  3572 | Temple   | Became a worshipper of Warmaster Okawaru
  3659 | D:3      | Bought a potion of mutation for 112 gold pieces
  3881 | D:5      | Reached XP level 7. HP: 61/61 MP: 6/6
  4062 | D:5      | Found a burning altar of Makhleb.
  4637 | D:6      | Reached * piety under Okawaru
  4994 | D:6      | Noticed a steam dragon
  5004 | D:6      | Killed a steam dragon
  5005 | D:6      | Reached XP level 8. HP: 23/70 MP: 7/7
  5271 | D:6      | Reached skill level 5 in Shields
  6048 | D:7      | Found a flagged portal.
  6080 | Bailey   | Entered a bailey
  6441 | Bailey   | Reached ** piety under Okawaru
  6639 | Bailey   | Got the Guide on the Volcanoes and Bewitchment
  6649 | Bailey   | Noticed an orc knight
  6664 | Bailey   | Reached skill level 1 in Invocations
  6664 | Bailey   | Reached XP level 9. HP: 28/78 MP: 6/9
  7018 | Bailey   | Killed an orc knight
  7019 | Bailey   | Reached skill level 10 in Long Blades
  8492 | D:8      | Reached *** piety under Okawaru
  8659 | D:8      | Reached XP level 10. HP: 83/86 MP: 10/10
  8669 | D:8      | Noticed Psyche
  8671 | D:8      | Noticed Erica
  8674 | D:8      | Killed Psyche
  8688 | D:8      | Killed Erica
  9007 | D:8      | Noticed Maurice
  9183 | D:8      | Killed Maurice
 10004 | D:9      | Reached skill level 1 in Stealth
 10073 | D:9      | Reached **** piety under Okawaru
 10092 | D:9      | Noticed Grum
 10093 | D:9      | Reached skill level 10 in Armour
 10111 | D:9      | Killed Grum
 10419 | D:9      | Noticed Harold
 10427 | D:9      | Killed Harold
 10427 | D:9      | Reached ***** piety under Okawaru
 10734 | D:10     | Entered Level 10 of the Dungeon
 10743 | D:10     | Reached XP level 11. HP: 87/95 MP: 11/11
 10973 | D:10     | Paralysed by a hornet for 1 turns
 11252 | D:10     | Noticed a centaur warrior
 11378 | D:10     | Killed a centaur warrior
 11378 | D:10     | Received a gift from Okawaru
 11394 | D:10     | Noticed a boulder beetle
 11621 | D:10     | Killed a boulder beetle
 11942 | D:10     | Noticed a two-headed ogre
 11965 | D:10     | Killed a two-headed ogre
 11986 | D:10     | Identified the +10 long sword "No More Talking" {vorpal,
                  | *Noise rF++ Str+8 Dex-5}
 11992 | D:10     | Noticed a deep elf pyromancer
 12003 | D:10     | Killed a deep elf pyromancer
 12324 | D:10     | Noticed a two-headed ogre
 12326 | D:10     | Noticed a tengu warrior
 12343 | D:10     | Killed a two-headed ogre
 12348 | D:10     | Killed a tengu warrior
 12349 | D:10     | Reached skill level 10 in Fighting
 12652 | D:10     | Noticed a two-headed ogre
 12658 | D:10     | Killed a two-headed ogre
 12659 | D:10     | Reached XP level 12. HP: 102/107 MP: 10/13
 12858 | D:10     | Noticed a two-headed ogre
 12865 | D:10     | Killed a two-headed ogre
 13082 | D:10     | Found a staircase to the Orcish Mines.
 13082 | D:10     | Identified the ring "Ulomy" {rN+ Str+4}
 13082 | D:10     | Noticed a centaur warrior
 13098 | D:10     | Killed a centaur warrior
 13209 | D:10     | Identified the +6 whip "Curobiut" {spect, Will- rCorr
                  | Int+7}
 13209 | D:10     | Noticed an ogre mage
 13225 | D:10     | Killed an ogre mage
 13225 | D:10     | Received a gift from Okawaru
 13289 | D:10     | Found a staircase to the Lair.
 13901 | D:3      | Bought a potion of might for 56 gold pieces
 13901 | D:3      | Bought a potion of curing for 42 gold pieces
 14189 | D:11     | Identified the +4 scale mail of the Furrier {Regen+ Str+2}
 14245 | D:11     | Reached skill level 15 in Long Blades
 14519 | D:11     | Reached skill level 10 in Shields
 15223 | Lair:1   | Entered Level 1 of the Lair of Beasts
 15345 | Lair:1   | Found a transporter.
 15346 | Lair:1   | Noticed ghwc's ghost (journeyman TrSu)
 15349 | Lair:1   | Found a transporter.
 15816 | Lair:1   | Identified the +1 chain mail of Indomitability {Will+}
                  | (Okawaru gifted it to you on level 1 of the Lair of Beasts)
 15816 | Lair:1   | Received a gift from Okawaru
 16224 | Lair:2   | Noticed a boulder beetle
 16245 | Lair:2   | Killed a boulder beetle
 16306 | Lair:2   | Found a gate leading to a gauntlet.
 16314 | Gauntlet | Entered a Gauntlet
 16314 | Gauntlet | Found a transporter.
 16314 | Gauntlet | Found a transporter.
 16317 | Gauntlet | Found a transporter.
 16318 | Gauntlet | Found a transporter.
 16320 | Gauntlet | Found a transporter.
 16339 | Gauntlet | Found a transporter.
 16341 | Gauntlet | Found a transporter.
 16384 | Gauntlet | Found a transporter.
 16385 | Gauntlet | Noticed a death scarab
 16387 | Gauntlet | Found a transporter.
 16387 | Gauntlet | Found a transporter.
 16403 | Gauntlet | Found a transporter.
 16418 | Gauntlet | Found a transporter.
 16420 | Gauntlet | Noticed a hell hog
 16442 | Gauntlet | Found a transporter.
 16465 | Gauntlet | Found a transporter.
 16688 | Gauntlet | Killed a death scarab
 16962 | Gauntlet | Identified a scroll of acquirement
 17216 | Gauntlet | Reached XP level 13. HP: 117/118 MP: 12/14
 17233 | Gauntlet | Identified the amulet "Hoaruih" {RegenMP rElec rN+ Str-4
                  | Int+3}
 17252 | Gauntlet | Identified the +5 ring mail "Amian" {rElec}
 17252 | Gauntlet | Noticed a minotaur
 17269 | Gauntlet | Killed a minotaur
 17278 | Gauntlet | Identified the +0 ring mail "Miopp" {Str+8}
 17278 | Gauntlet | Identified the +1 chain mail of the Loofah {rCorr}
 17400 | Lair:2   | Noticed Urug
 17410 | Lair:2   | Killed Urug
 17940 | Lair:2   | Noticed a fire dragon
 17978 | Lair:2   | Killed a fire dragon
 17997 | Lair:2   | Identified the +7 arbalest "Bazusmih" {vorpal, Str+2}
 18786 | Lair:3   | Found a hole to the Spider Nest.
 19304 | Lair:3   | Received a gift from Okawaru
 20397 | D:4      | Killed Quickbrownfox's ghost
 20732 | Lair:1   | Killed ghwc's ghost
 20938 | D:12     | Found a frozen archway.
 20955 | D:12     | Reached skill level 15 in Armour
 20962 | IceCv    | Entered an ice cave
 22373 | IceCv    | Received a gift from Okawaru
 22708 | IceCv    | Reached XP level 14. HP: 130/130 MP: 14/16
 23866 | Orc:1    | Entered Level 1 of the Orcish Mines
 25010 | Orc:2    | Entered Level 2 of the Orcish Mines
 25010 | Orc:2    | Found a staircase to the Elven Halls.
 25025 | Orc:2    | Noticed Azrael
 26677 | Orc:1    | Killed Azrael
 28081 | Orc:2    | Received a gift from Okawaru
 28560 | Orc:2    | Found Pusou's Armour Boutique.
 28560 | Orc:2    | Found Veddit's Weapon Boutique.
 28561 | Orc:2    | Found Fumala Jai's Weapon Shop.
 28561 | Orc:2    | Found Exull's Distillery.
 28576 | Orc:2    | Bought the +4 cloak of Prudence {Will+ rCorr Slay+3} for
                  | 608 gold pieces
 29392 | D:13     | Noticed Nessos
 29429 | D:13     | Killed Nessos
 29836 | D:13     | Noticed Snorg
 29845 | D:13     | Killed Snorg
 30097 | D:13     | Found a gate to the Vaults.
 30101 | D:13     | Received a gift from Okawaru
 30138 | D:13     | Reached skill level 15 in Fighting
 30140 | D:13     | Identified the +9 great sword of the Final Decision
                  | {freeze, rPois rF+ rCorr} (Okawaru gifted it to you on
                  | level 13 of the Dungeon)
 30140 | D:13     | Received a gift from Okawaru
 30144 | D:13     | Reached XP level 15. HP: 49/141 MP: 14/17
 30893 | D:13     | Noticed Revguard's ghost (journeyman DsGl)
 30894 | D:13     | Found a runed translucent door.
 31147 | D:13     | Killed Revguard's ghost
 31552 | D:14     | Found a blossoming altar of Fedhas.
 31921 | D:14     | Identified the +4 falchion of Eternal War {venom, Int+5}
 32463 | D:15     | Entered Level 15 of the Dungeon
 32493 | D:15     | Identified the +7 plate armour of the Everdark {Int+5}
                  | (Okawaru gifted it to you on level 15 of the Dungeon)
 32493 | D:15     | Received a gift from Okawaru
 33054 | D:15     | Found a staircase to the Depths.
 34369 | Lair:4   | Found a staircase to the Swamp.
 34936 | Lair:5   | Found a staircase to the Slime Pits.
 34970 | Lair:5   | Received a gift from Okawaru
 35871 | Lair:6   | Entered Level 6 of the Lair of Beasts
 36198 | Lair:6   | Reached XP level 16. HP: 133/154 MP: 18/18
 36535 | Lair:6   | Reached ****** piety under Okawaru
 37335 | Spider:1 | Entered Level 1 of the Spider Nest
 37355 | Spider:1 | Received a gift from Okawaru
 38023 | Spider:1 | Identified the +3 scale mail of Greed {Int+7 Dex+4}
                  | (Okawaru gifted it to you on level 1 of the Spider Nest)
 38023 | Spider:1 | Received a gift from Okawaru
 38189 | Spider:1 | Noticed Nikola
 38614 | Spider:1 | Killed Nikola
 39083 | Spider:1 | Identified Roxanne's Reference Book on Moulding
 39083 | Spider:1 | Noticed Roxanne
 39253 | Spider:1 | Killed Roxanne
 39769 | Swamp:1  | Entered Level 1 of the Swamp
 39813 | Swamp:1  | Identified the +9 long sword of Beorghoju {drain, Dex+8}
 40388 | Swamp:1  | Noticed Louise
 40397 | Swamp:1  | Killed Louise
 40479 | Swamp:1  | Found an opulent altar of Gozag.
 40652 | Swamp:2  | Reached skill level 5 in Invocations
 41371 | Swamp:2  | Reached skill level 15 in Shields
 41797 | Swamp:2  | Identified the +1 plate armour "Sohes" {Harm Fly rPois}
 42420 | Elf:1    | Entered Level 1 of the Elven Halls
 42482 | Orc:2    | Bought a potion of curing for 42 gold pieces
 43163 | Orc:2    | Received a gift from Okawaru
 44289 | Elf:1    | Reached XP level 17. HP: 147/166 MP: 19/19
 44679 | Elf:1    | Received a gift from Okawaru
 45019 | Elf:1    | Paralysed by an air elemental for 1 turns
 45022 | Elf:1    | Paralysed by an air elemental for 1 turns
 46674 | Elf:2    | Found a shimmering blue altar of Sif Muna.
 47536 | Elf:2    | Found a runed translucent gate.
 47537 | Elf:2    | Found a runed translucent gate.
 47537 | Elf:2    | Found a runed translucent gate.
 47574 | Elf:3    | Entered Level 3 of the Elven Halls
 47881 | Spider:2 | Noticed Frances
 47902 | Spider:2 | Killed Frances
 48397 | Spider:2 | Received a gift from Okawaru
 48602 | Spider:2 | Identified the +7 lajatang of the Tired Wars {elec, rN+}
 48955 | Spider:3 | Reached XP level 18. HP: 128/176 MP: 11/21
 50187 | Spider:3 | Identified the +7 quick blade of the Vestibule of Hell
                  | {vorpal, rF++ rN+++ rCorr} (Okawaru gifted it to you on
                  | level 3 of the Spider Nest)
 50187 | Spider:3 | Received a gift from Okawaru
 51203 | Spider:4 | Entered Level 4 of the Spider Nest
 51829 | Spider:4 | HP: 6/176 [something (10)]
 51829 | Spider:4 | Slain by a ghost moth

Illustrated notes

Levels and vault maps discovered:
D:1:      nzn_arrival_crosshair, layout_basic, ebering_ecumenical_altar_webs
D:2:      layout_rooms, serial_shops, nicolae_shop_behind_doors,
          kennysheep_generic_room_9
D:3:      layout_basic, serial_shops, nicolae_shop_behind_doors
D:4:      layout_gridville, gammafunk_ghost_smash
D:5:      layout_basic, mainiacjoe_overflow_alcove_4,
          minmay_temple_entry_sparse_star, wad_floor_pattern_2
D:6:      layout_rooms, serial_aquarium, aquarium_bridge_square
          [aquarium_subvault_balcony, aquarium_subvault_window,
          aquarium_subvault_window, aquarium_subvault_bridge],
          aquarium_bridge_square [aquarium_subvault_bridge,
          aquarium_subvault_balcony, aquarium_subvault_window,
          aquarium_subvault_balcony], aquarium_window_1, aquarium_window_fake,
          aquarium_view_2d
D:7:      layout_gridville, enter_bailey_5
D:8:      layout_basic, uniq_erica, uniq_psyche, uniq_maurice
D:9:      layout_roguey, uniq_grum, uniq_harold
D:10:     minmay_the_grid_octo_tiled_octocenter [minmay_the_grid_octo_teeth,
          minmay_the_grid_octo_chip, minmay_the_grid_octo_focus,
          minmay_the_grid_octo_empty, minmay_the_grid_octo_prize_star,
          minmay_the_grid_square_5x5_tie, minmay_the_grid_square_5x5_fat_x,
          minmay_the_grid_square_5x5_slash, minmay_the_grid_square_5x5_minimal],
          layout_loops_ring, david_lair_shrubbed, david_orc_3,
          chequers_decorated_corner
D:11:     layout_long_grid, st_stairs_13
D:12:     layout_rooms, serial_corexii_hall, corexii_hall_statues_deadend,
          corexii_hall_statues_x, portal_ice_cave_rime
D:13:     layout_basic, lightli_vaults_fourway_checkpoint,
          gammafunk_ghost_grave, uniq_nessos, uniq_snorg
D:14:     layout_loops_corners, serial_ice, serial_ice_k, serial_ice_b,
          serial_ice_n, serial_ice_h, serial_ice_m, fedhas_altar_fruit_tree
D:15:     gammafunk_depths_entry_grave, layout_basic,
          minmay_misc_feat_nine_boxes
Temple:   kilobyte_greek_temple
Lair:1:   layout_regular_city, gammafunk_ghost_arena, st_stairs_11
Lair:2:   dragon1_lemuel, layout_regular_city, gauntlet_entry_generic,
          hangedman_lair_generics_rect, uniq_urug
Lair:3:   layout_layer_cave, spider_nest_entry_a
Lair:4:   layout_regular_city, nicolae_swamp_entry_splash_gauntlet,
          chequers_serial_rivers_micro_b
Lair:5:   layout_regular_city, slime_dummy, serial_bayou_lagoon_b,
          grunt_megastairs_5, lemuel_fruit_tree
Lair:6:   evilmike_catoblepas_cave, layout_gridlike, grunt_megastairs_4,
          lemuel_fruit_fields, serial_bayou_shore_b
Swamp:1:  layout_basic_swamp, nicolae_swamp_godswood, swamp_pool5,
          nicolae_swamp_round_clearing, uniq_louise
Swamp:2:  layout_basic_swamp, evilmike_swamp_ruin_rubble_1,
          hangedman_swamp_blocks, swamp_pool1
Spider:1: layout_cave_pods, nicolae_spider_some_kinda_spiderbox, uniq_roxanne,
          uniq_nikola
Spider:2: layout_spider_delve, hellmonk_deceptive_appearances, uniq_frances
Spider:3: nicolae_spider_hilbert_zone_4 [nicolae_spider_hilbert_4_sides_2_open,
          nicolae_spider_hilbert_4_sides_1_open,
          nicolae_spider_hilbert_4_sides_1_open,
          nicolae_spider_hilbert_4_sides_1_open,
          nicolae_spider_hilbert_4_sides_1_open,
          nicolae_spider_hilbert_2_sides_1_open,
          nicolae_spider_hilbert_2_sides_1_open,
          nicolae_spider_hilbert_2_sides_1_open,
          nicolae_spider_hilbert_2_sides_1_open,
          nicolae_spider_hilbert_6_sides_1_open,
          nicolae_spider_hilbert_6_sides_1_open,
          nicolae_spider_hilbert_3_sides_1_open,
          nicolae_spider_hilbert_3_sides_1_open], guppyfry_hornet_nest
Spider:4: spider_rune_water, hive_lemuel
Orc:1:    cheibrodos_orc_guarddog, layout_caves, nicolae_orc_pool_cavern
Orc:2:    st_orc_pillars, layout_caves, mines3_lemuel, uniq_azrael
Elf:1:    elf_arrival_002, layout_geoelf_octagon, hangedman_elf_disciples
Elf:2:    nicolae_elf_blades_crystal_corner, layout_rooms, basic_altar
Elf:3:    minmay_elf_hall_dome, layout_geoelf_diagonals, fountainhead

Skill      XL: |  1  2  3  4  5  6  7  8  9 10 11 12 13 14 15 16 17 18 |
---------------+-------------------------------------------------------+-----
Fighting       | 4 5 6 7 8 10 12 13 15 16 18 19 | 19.5
Armour         | 4 5 6 7 9 10 12 13 15 17 18 19 20 | 20.5
Shields        | 4 5 7 8 9 10 11 13 15 17 19 | 19.0
Long Blades    | 3 4 5 6 8 9 11 12 14 15 16 17 18 19 20 | 20.6
Dodging        | 1 2 3 4 |  4.4
Invocations    | 1 2 3 4 5 |  5.7
Stealth        | 1 2 3 |  3.5
Evocations     | |  0.1

Action                   |  1- 3 |  4- 6 |  7- 9 | 10-12 | 13-15 | 16-18 || total
-------------------------+-------+-------+-------+-------+-------+-------++-------
Melee: Long sword        |    71 |   193 |   350 |    14 |       |   808 ||  1436
       Headbutt          |    10 |    30 |    62 |   118 |   310 |   281 ||   811
       Scimitar          |       |       |       |   499 |  1257 |   280 ||  2036
Throw: Throwing net      |       |       |       |       |     1 |       ||     1
Invok: Heroism           |       |       |    14 |    23 |    29 |    27 ||    93
Evoke: Wand              |       |       |     1 |       |       |       ||     1
  Use: Scroll            |       |       |     3 |    16 |    11 |     5 ||    35
       Potion            |       |       |     1 |     3 |     8 |     3 ||    15
 Stab: Held in net/web   |       |       |       |       |     1 |       ||     1
       Petrified         |       |       |       |       |       |     6 ||     6
       Petrifying        |       |       |       |       |       |     1 ||     1
Armor: Scale mail        |    36 |    62 |       |       |       |       ||    98
       Plate armour      |       |    76 |   191 |   335 |   218 |   223 ||  1043
       Fire dragon scale |       |       |       |     7 |    15 |       ||    22
       Crystal plate arm |       |       |       |       |   713 |   391 ||  1104
Dodge: Dodged            |    36 |    77 |   117 |   166 |   410 |   258 ||  1064
Block: Buckler           |    15 |    48 |   104 |   163 |   386 |   115 ||   831
       Tower shield      |       |       |       |       |       |  1078 ||  1078
       Reflection        |       |       |       |       |       |   108 ||   108
